 Dungeon Crawl Stone Soup version 0.28.0-1-gb440e238dd (webtiles) character file.

Game seed: 1802791742476360961

274 smarlow the Conjurer (level 6, -9/32 HPs)
             Began as a Deep Elf Conjurer on Feb 23, 2022.
             Was an Initiate of Vehumet.
             Mangled by a mummy (15 damage)
             ... in an ossuary.
             The game lasted 00:08:16 (3486 turns).

smarlow the Conjurer (Deep Elf Conjurer)            Turns: 3486, Time: 00:08:16

Health: -9/32      AC:  3    Str:  4    XL:     6   Next: 3%
Magic:  8/15       EV: 12    Int: 25    God:    Vehumet [......]
Gold:   173        SH:  0    Dex: 13    Spells: 3/14 levels left

rFire   . . .      SeeInvis .   (no weapon)
rCold   . . .      Faith    .   (no shield)
rNeg    . . .      Spirit   .   a - +0 robe
rPois   .          Reflect  .   (no helmet)
rElec   .          Harm     .   (no cloak)
rCorr   .          Rampage  .   g - +0 pair of gloves
Will    .....                   (no boots)
Stlth   ++........              (no amulet)
HPRegen 0.10/turn               (no ring)
MPRegen 0.14/turn               (no ring)

@: marked
A: no striking features
a: Renounce Religion


You were in an ossuary.
You worshipped Vehumet.
Vehumet was noncommittal.
You visited 2 branches of the dungeon, and saw 5 of its levels.
You also visited: Ossuary.

You collected 173 gold pieces.

Inventory:

Armour
 a - a +0 robe (worn)
 g - a +0 pair of gloves (worn)
Scrolls
 b - 2 scrolls of identify {unknown}
 c - a scroll of blinking {unknown}
 e - 2 scrolls of noise {unknown}
 f - a scroll of enchant weapon {unknown}
 i - a scroll of magic mapping {unknown}
Potions
 d - a potion of might {unknown}
 h - a potion of berserk rage {unknown}


   Skills:
 + Level 1.2 Armour
 - Level 2.4 Dodging
 - Level 2.4 Stealth
 + Level 4.9 Spellcasting
 * Level 6.5 Conjurations
 + Level 2.0 Translocations


You had 3 spell levels left.
You knew the following spells:

 Your Spells              Type           Power      Damage    Failure   Level
a - Magic Dart            Conj           100%       1d8       1%          1
b - Searing Ray           Conj           78%        2d7       1%          2
c - Iskenderun's Mystic   Conj/Tloc      27%        2d7       14%         4
d - Fulminant Prism       Conj/Hex       11%        3d9       22%         4

Your spell library contained the following spells:

 Spells                   Type           Power      Damage    Failure   Level
 Dazzling Flash           Conj/Hex       44%        N/A       6%          3


Dungeon Overview and Level Annotations

Branches:
Dungeon (4/15)             Temple (1/1) D:4         Ossuary (1/1)

Altars:
Cheibriados
Elyvilon
Gozag
Hepliaklqana
Makhleb
Okawaru
Qazlal
Sif Muna
Vehumet
Wu Jian
Xom

Shops:
D:3 *


Message History

The alarm trap emits a blaring wail!
The mark upon you grows brighter.
A hobgoblin zombie and a centaur zombie come into view.
The hobgoblin zombie fails to trigger a net trap.
Casting: Searing Ray (safe; 1% risk of failure)
Confirm with . or Enter, or press ? or * to list all spells.
The spell is quite dangerous to miscast (14% risk of failure)!
Continue anyway?
Okay, then.
The centaur zombie hits you.
The centaur zombie kicks you but does no damage.
The centaur zombie fails to trigger a net trap.
The centaur zombie misses you.
The centaur zombie kicks you but does no damage.
A centaur zombie comes into view.
The mummy misses you.
The hobgoblin zombie fails to trigger a net trap.
Casting: Iskenderun's Mystic Blast (quite dangerous; 14% risk of failure)
Confirm with . or Enter, or press ? or * to list all spells.
The spell is quite dangerous to miscast (14% risk of failure)!
Continue anyway?
You erupt in a blast of force!
The mystic blast hits the centaur zombie.
The centaur zombie is lightly damaged.
The centaur zombie is knocked back by the mystic blast.
The mystic blast hits the centaur zombie!
The centaur zombie is heavily damaged.
The centaur zombie is knocked back by the mystic blast.
The centaur zombie collides with the centaur zombie!
The centaur zombie is moderately damaged.
The centaur zombie is heavily damaged.
The mystic blast hits the mummy!
The mummy is heavily damaged.
The mummy is knocked back by the mystic blast.
The mystic blast hits the mummy but does no damage.
The mystic blast hits the mummy.
The mummy is moderately damaged.
Unknown command.
The mummy hits you!
* * * LOW HITPOINT WARNING * * *
The mummy hits you!
You die...

.^.....#
##Z...^##
#..Z....#
#.....#
#.ZZ..#
#.....#
#.Z∩..#
#.....#
#M@M..#
#.....#
#.....#
#.M...#
#.....#
##...##
#####


You could see 3 mummies, a hobgoblin zombie and 4 centaur zombies.

Vanquished Creatures
  A howler monkey (D:4)
  2 iguanas (D:4)
  An orc wizard (D:4)
  A hound skeleton (D:4)
  7 adders
  A worm (D:2)
  A dart slug (D:1)
  2 orcs (D:4)
  9 ball pythons
  4 endoplasms
  5 giant cockroaches
  4 goblins
  4 hobgoblins
  7 jackals
  7 kobolds
  2 quokkas
  9 bats
  7 rats
74 creatures vanquished.

Vanquished Creatures (others)
  A fungus (D:3)
  3 plants (D:3)
4 creatures vanquished.

Grand Total: 78 creatures vanquished

Notes
Turn   | Place    | Note
-------+----------+-------------------------------------------
     0 | D:1      | smarlow the Deep Elf Conjurer began the quest for the Orb.
     0 | D:1      | Reached XP level 1. HP: 10/10 MP: 6/6
   191 | D:1      | Reached XP level 2. HP: 15/15 MP: 4/8
   253 | D:1      | Learned a level 2 spell: Searing Ray
   758 | D:2      | Reached skill level 5 in Conjurations
   813 | D:2      | Found a shimmering altar of Xom.
   871 | D:2      | Reached XP level 3. HP: 16/19 MP: 0/10
  1360 | D:2      | Reached XP level 4. HP: 16/24 MP: 1/12
  1514 | D:2      | Learned a level 4 spell: Iskenderun's Mystic Blast
  1519 | D:2      | Learned a level 4 spell: Fulminant Prism
  2263 | D:3      | Found Ziur's General Store.
  2479 | D:3      | Found a faded altar of an unknown god.
  3012 | D:3      | Reached skill level 6 in Conjurations
  3016 | D:3      | Reached skill level 1 in Translocations
  3120 | D:4      | Found an opulent altar of Gozag.
  3142 | D:4      | Reached XP level 5. HP: 21/28 MP: 5/13
  3165 | D:4      | Reached skill level 1 in Armour
  3201 | D:4      | Found a staircase to the Ecumenical Temple.
  3210 | Temple   | Entered the Ecumenical Temple
  3251 | Temple   | Became a worshipper of Vehumet
  3458 | D:4      | Found a sand-covered staircase.
  3465 | D:4      | Reached XP level 6. HP: 21/32 MP: 9/15
  3475 | Ossuary  | Entered an ossuary
  3486 | Ossuary  | Mangled by a mummy

Illustrated notes

Levels and vault maps discovered:
D:1:      heliophobic_arrival_dark_side_of_the_moon, layout_basic,
          minmay_misc_feat_tiny
D:2:      minmay_diamond_boxcup, layout_basic, basic_altar
D:3:      layout_basic, shapermc_ecumenical_altar_ellora, serial_shops,
          nicolae_shop_hallway_stairs
D:4:      layout_loops_ring, nicolae_dithmenos_shadow_blocks,
          grunt_gozag_statues, minmay_temple_entry_statues_fountains,
          lightli_ossuary_entry_decrepit_ruins, uniq_blork_the_orc,
          uniq_eustachio
Temple:   compressed_dpeg_circular_temple
Ossuary:  ossuary_the_hunt_dpeg

Skill      XL: |  1  2  3  4  5 |
---------------+----------------+-----
Conjurations   | 5 6 |  6.5
Spellcasting   | 4 |  4.9
Translocations | 1 2 |  2.0
Armour         | 1 |  1.2
Dodging        | |  2.4
Stealth        | |  2.4

Action                   |  1- 3 |  4- 6 || total
-------------------------+-------+-------++-------
Melee: Unarmed           |       |     3 ||     3
 Cast: Magic Dart        |    58 |    54 ||   112
       Searing Ray       |     3 |    10 ||    13
       Iskenderun's Myst |       |     1 ||     1
Armor: Robe              |     3 |     5 ||     8
Dodge: Dodged            |    12 |    16 ||    28
